 Dungeon Crawl Stone Soup version 0.29-a0-559-g359e09b9d1 (webtiles) character file.

Game seed: 1564108979170071223

336 xian the Slasher (level 6, 0/51 HPs)
             Began as a Draconian Gladiator on June 10, 2022.
             Slain by an ice beast (11 damage)
             ... on level 3 of the Dungeon.
             The game lasted 00:05:53 (2064 turns).

xian the Slasher (Draconian Gladiator)              Turns: 2064, Time: 00:05:54

Health: 0/51       AC:  8    Str: 18    XL:     6   Next: 28%
Magic:  6/6        EV: 13    Int:  8    God:
Gold:   178        SH:  0    Dex: 13    Spells: 5/5 levels left

rFire   . . .      SeeInvis .   a - +1 long sword (freeze)
rCold   . . .      Faith    .   (no shield)
rNeg    . . .      Spirit   .   (body armour unavailable)
rPois   .          Reflect  .   h - +2 hat
rElec   .          Harm     .   (no cloak)
rCorr   .          Rampage  .   (no gloves)
Will    .....                   (no boots)
Stlth   ++........              (no amulet)
HPRegen 0.17/turn               (no ring)
MPRegen 0.10/turn               (no ring)

@: slowed, very slow
A: AC +6, unfitting armour, cold-blooded
a: no special abilities


You were on level 3 of the Dungeon.
You visited 1 branch of the dungeon, and saw 3 of its levels.
You also visited: Sewer.

You collected 178 gold pieces.

Inventory:

Hand Weapons
 a - a +1 long sword of freezing (weapon)
Missiles
 c - 4 throwing nets (quivered)
 d - a javelin
Armour
 h - a +2 hat (worn)
Jewellery
 i - a ring of poison resistance
Scrolls
 b - a scroll of identify
 e - a scroll of brand weapon
 f - 2 scrolls of enchant armour
 l - 2 scrolls of enchant weapon
Potions
 g - a potion of haste
 j - a potion of flight {unknown}
 k - a potion of cancellation {unknown}
 m - a potion of might {unknown}


   Skills:
 + Level 3.1 Fighting
 + Level 5.4 Long Blades
 + Level 1.8 Throwing
 + Level 4.2 Dodging
 + Level 1.1 Stealth


You had 5 spell levels left.
You didn't know any spells.
Your spell library contained the following spells:

 Spells                   Type           Power      Damage    Failure   Level
 Summon Small Mammal      Summ           0%         N/A       41%         1
 Conjure Flame            Conj/Fire      0%         6-21      78%         3
 Ignite Poison            Fire/Tmut/Pois 0%         N/A       78%         3
 Sticky Flame             Conj/Fire      0%         2d3       99%         4


Dungeon Overview and Level Annotations

Branches:
Dungeon (3/15)              Sewer (visited)

Altars:


Innate Abilities, Weirdness & Mutations

Your plain brown scales are hard. (AC +6)
You cannot fit into any form of body armour.
You are cold-blooded and may be slowed by cold attacks.


Message History

a +2 scythe of flaming; a +0 robe; the human corpse of Sigmund
Things that are here:
a +2 scythe of flaming; a +0 robe; the human corpse of Sigmund You see here a +0 whip.
You now have 178 gold pieces (gained 16).
Found a faded altar of an unknown god.
Your extra speed is starting to run out.
Found a scroll of identify.
You pick up Plato's Volume of the Entourage and begin reading...
You add the spell Summon Small Mammal to your library.
There is a faded altar of an unknown god here.
You feel yourself slow down.
An ice beast comes into view.
The ice beast barely misses you.
You hit the ice beast but do no damage.
Your tail-slap misses the ice beast.
The ice beast closely misses you.
You closely miss the ice beast.
You tail-slap the ice beast, but do no damage.
The ice beast hits you but does no damage.
You slash the ice beast!
The ice beast is moderately wounded.
The ice beast hits you. The ice beast freezes you!
You feel yourself slow down. The ice beast barely misses you.
You hit the ice beast.
The ice beast is heavily wounded.
The ice beast hits you. The ice beast freezes you!
You barely miss the ice beast. You tail-slap the ice beast.
The ice beast is severely wounded.
You feel yourself speed up.
The ice beast hits you but does no damage. x2
You closely miss the ice beast.
Your tail-slap misses the ice beast.
The ice beast is severely wounded.
The ice beast hits you. The ice beast freezes you.
You feel yourself slow down.
* * * LOW HITPOINT WARNING * * *
You barely miss the ice beast. You tail-slap the ice beast.
The ice beast is severely wounded.
The ice beast hits you.
* * * LOW HITPOINT WARNING * * *
The ice beast freezes you!
You die...

...........#
####.......# #.##.####
#.##.# #.##.#
#.##.##########
#.##..........#
#.##.##.###.####.##
................@?#
....^.^...^.^.^^Y.#
....#.#.#._P#.#.#.....
#.#
#P#.#####.#.#..##.# #
.#P#. P#.#..## ...# #
##P#.... #... # ...#
#.# ###


You could see an ice beast.

Vanquished Creatures
  Sigmund (D:3)
  A water moccasin (Sewer)
  4 adders
  2 worms (D:3)
  9 bats
  3 endoplasms
  A giant cockroach (D:1)
  A hobgoblin (D:1)
  2 jackals (D:1)
  2 kobolds
  A quokka (D:2)
  4 ball pythons (D:1)
  3 frilled lizards
  4 goblins
  2 rats (D:3)
40 creatures vanquished.

Notes
Turn   | Place    | Note
-------+----------+-------------------------------------------
     0 | D:1      | xian the Draconian Gladiator began the quest for the Orb.
     0 | D:1      | Reached XP level 1. HP: 17/17 MP: 1/1
   344 | D:1      | Reached XP level 2. HP: 24/24 MP: 2/2
  1117 | D:2      | Reached XP level 3. HP: 30/30 MP: 3/3
  1373 | D:2      | Reached skill level 4 in Long Blades
  1578 | D:3      | Found a glowing drain.
  1609 | Sewer    | Entered a sewer
  1638 | Sewer    | Reached XP level 4. HP: 33/37 MP: 4/4
  1686 | Sewer    | Noticed a water moccasin
  1703 | Sewer    | Killed a water moccasin
  1704 | Sewer    | Reached skill level 1 in Stealth
  1704 | Sewer    | Reached XP level 5. HP: 6/42 MP: 5/5
  1995 | D:3      | Noticed Sigmund
  2003 | D:3      | Killed Sigmund
  2004 | D:3      | Reached skill level 5 in Long Blades
  2004 | D:3      | Reached XP level 6. HP: 51/51 MP: 6/6
  2039 | D:3      | Found a faded altar of an unknown god.
  2047 | D:3      | Got Plato's Volume of the Entourage
  2053 | D:3      | Noticed an ice beast
  2064 | D:3      | Slain by an ice beast

Illustrated notes

Levels and vault maps discovered:
D:1:      tarquinn_simple_flora_water_e, layout_rooms, serial_rivers,
          chequers_serial_rivers_micro_a, chequers_serial_rivers_micro_b,
          chequers_serial_rivers_large_a, chequers_serial_rivers_large_b,
          chequers_serial_rivers_small_b, chequers_serial_rivers_micro_d
D:2:      layout_loops_ring
D:3:      layout_loops_ring, cheibrodos_sewer_entry_drain,
          shapermc_ecumenical_altar_rom_forum, uniq_sigmund

Skill      XL: |  1  2  3  4  5 |
---------------+----------------+-----
Dodging        | 3 4 |  4.2
Long Blades    | 4 5 |  5.4
Stealth        | 1 |  1.1
Fighting       | 3 |  3.1
Throwing       | |  1.8

Action                   |  1- 3 |  4- 6 || total
-------------------------+-------+-------++-------
Melee: Long sword        |   100 |    39 ||   139
       Tailslap          |     5 |     4 ||     9
  Use: Scroll            |     6 |       ||     6
       Potion            |       |     3 ||     3
 Stab: Sleeping          |     1 |       ||     1
Armor: Skin              |    71 |    13 ||    84
Dodge: Dodged            |   131 |    28 ||   159

Table legend: (Time is in decaauts)
 A = Elapsed time spent in this place.
 B = Non-inter-level travel time spent in this place.
 C = Inter-level travel time spent in this place.
 D = Time resting spent in this place.
 E = Time spent auto-exploring this place.
 F = Levels seen in this place.
 G = Mean time per level.
                   A        B        C        D        E       F      G
               +--------+--------+--------+--------+--------+-----+--------+
         Total |   2120 |   2049 |     71 |    177 |   1123 |   4 |  530.0 |
       Dungeon |   1768 |   1697 |     71 |      0 |   1079 |   3 |  589.3 |
         Sewer |    351 |    351 |      0 |    177 |     44 |   1 |  351.0 |
               +--------+--------+--------+--------+--------+-----+--------+

Top non-repeatable levels by time:
     D:1: 828 daAuts
     D:2: 802 daAuts
   Sewer: 351 daAuts
     D:3: 138 daAuts
